[Event "International Championship of Central S"]
[Site "Paracin"]
[Date "2014.07.07"]
[Round "4.1"]
[White "Atalik, Suat"]
[Black "Damljanovic, Branko"]
[Result "1/2-1/2"]
[ECO "E94"]
[WhiteElo "2550"]
[BlackElo "2562"]
[Annotator "Boban,Milojevic"]
[PlyCount "82"]
[EventDate "2014.??.??"]
[TimeControl "6000+1385"]
[WhiteClock "0:01:47"]
[BlackClock "0:02:11"]

1. d4 d6 2. Nf3 Nf6 3. c4 g6 4. Nc3 Bg7 5. e4 O-O 6. Be2 e5 7. O-O c6 8. Re1
Nbd7 9. Bf1 exd4 10. Nxd4 Re8 11. f3 a6 12. Bg5 Ne5 13. Qd2 b5 14. cxb5 axb5
15. b4 Be6 16. a4 bxa4 17. Nxe6 fxe6 18. Rxa4 Rxa4 19. Nxa4 Nf7 20. Be3 Nd7 21.
b5 cxb5 22. Bxb5 Rf8 23. Qe2 Nf6 24. Rc1 Nh5 25. Nb6 Nf4 26. Bxf4 Qxb6+ 27. Kh1
Be5 28. Bd2 Qd8 29. f4 Bg7 30. Bc4 d5 31. exd5 exd5 32. Bb3 Kh8 33. Bb4 Re8 34.
Qd2 Nh6 35. Bxd5 Nf5 36. Bc6 Qxd2 37. Bxd2 Rd8 38. Ba5 Rc8 39. Bd2 Rd8 40. Ba5
Rc8 41. Bd2 Rd8 1/2-1/2

[Event "International Championship of Central S"]
[Site "Paracin"]
[Date "2014.07.07"]
[Round "4.2"]
[White "Savic, Miodrag R"]
[Black "Rapport, Richard"]
[Result "0-1"]
[ECO "B40"]
[WhiteElo "2522"]
[BlackElo "2701"]
[Annotator "Boban,Milojevic"]
[PlyCount "112"]
[EventDate "2014.??.??"]
[TimeControl "6000+1020"]
[WhiteClock "0:00:34"]
[BlackClock "0:18:46"]

1. e4 c5 2. Nf3 e6 3. c3 d5 4. exd5 exd5 5. d4 a6 6. Be2 cxd4 7. Nxd4 Bd6 8.
O-O Qc7 9. Nf3 Be6 10. Bg5 Ne7 11. c4 Nbc6 12. Nc3 dxc4 13. Ne4 O-O-O 14. Nxd6+
Rxd6 15. Qc1 Nd4 16. Nxd4 Rxd4 17. Be3 Rd7 18. Bf4 Qc6 19. b3 Nf5 20. Bf3 Qc5
21. bxc4 g5 22. Qb2 Re8 23. Be5 Bxc4 24. Rfe1 Rde7 25. Bc3 Rxe1+ 26. Rxe1 Rxe1+
27. Bxe1 Bb5 28. Qh8+ Kc7 29. Ba5+ b6 30. Bc3 Nd6 31. h4 Bc6 32. Bxc6 Kxc6 33.
hxg5 Qxg5 34. Be5 Qc1+ 35. Kh2 Qh6+ 36. Kg1 Qe6 37. Qa8+ Nb7 38. Bg3 a5 39. a4
Qd7 40. Kh2 Qd8 41. Qa6 Nc5 42. Qc4 Qd7 43. Qf4 Qe6 44. f3 Qd7 45. Qh4 Kb7 46.
Qxh7 Nxa4 47. Qe4+ Ka7 48. Qe5 Nc5 49. f4 Nd3 50. Qf6 a4 51. f5 Nc5 52. Qe5 a3
53. Bf2 Kb7 54. Kg1 a2 55. Bd4 Kc6 56. Bb2 Qd1+ 0-1

[Event "International Championship of Central S"]
[Site "Paracin"]
[Date "2014.07.07"]
[Round "4.3"]
[White "Liou, Yian"]
[Black "Lajthajm, Borko"]
[Result "1-0"]
[ECO "B00"]
[WhiteElo "2387"]
[BlackElo "2526"]
[Annotator "Boban,Milojevic"]
[PlyCount "77"]
[EventDate "2014.??.??"]
[TimeControl "6000+615"]
[WhiteClock "0:34:34"]
[BlackClock "0:46:52"]

1. e4 d6 2. d4 c6 3. Nc3 Nd7 4. f4 b5 5. Nf3 Nb6 6. Bd3 Nf6 7. a3 g6 8. h3 Bg7
9. O-O a6 10. Qe1 Be6 11. f5 gxf5 12. exf5 Bc4 13. Bxc4 Nxc4 14. b3 Nb6 15. Bg5
Qd7 16. Bxf6 Bxf6 17. Ne4 O-O-O 18. a4 Kb7 19. c4 bxc4 20. a5 Na8 21. bxc4 Rb8
22. Nxf6 exf6 23. Qh4 Qd8 24. Nd2 d5 25. Rfc1 Nc7 26. Rab1+ Ka7 27. Rxb8 Kxb8
28. Rb1+ Ka7 29. Rb6 Qd6 30. c5 Qe7 31. Rxc6 Rg8 32. Nf1 Nb5 33. Qxf6 Qxf6 34.
Rxf6 Rg7 35. Ne3 Nxd4 36. Nxd5 Nb3 37. c6 Nxa5 38. c7 Rg8 39. Ne7 1-0

[Event "International Championship of Central S"]
[Site "Paracin"]
[Date "2014.07.07"]
[Round "4.4"]
[White "Obodchuk, Andrei"]
[Black "Drenchev, Petar"]
[Result "1-0"]
[ECO "A56"]
[WhiteElo "2374"]
[BlackElo "2511"]
[Annotator "Boban,Milojevic"]
[PlyCount "87"]
[EventDate "2014.??.??"]
[TimeControl "6000+920"]
[WhiteClock "0:23:58"]
[BlackClock "0:02:53"]

1. d4 Nf6 2. c4 c5 3. d5 g6 4. Nc3 Bg7 5. e4 d6 6. Nf3 O-O 7. Bd3 e6 8. h3 exd5
9. exd5 Re8+ 10. Be3 Na6 11. O-O Nb4 12. Bb1 Bd7 13. a3 Qa5 14. Qd2 Na6 15. Bd3
Qd8 16. Bg5 Qb6 17. Rab1 Rab8 18. b4 cxb4 19. axb4 Qd8 20. Be3 Ra8 21. Rfc1 Nc7
22. Ra1 b6 23. b5 Qb8 24. Rcb1 Qb7 25. Bd4 Re7 26. Ra3 Nce8 27. Rba1 h6 28. Be3
Kh7 29. Nd4 Nh5 30. Nc6 Bxc6 31. dxc6 Qb8 32. Re1 Nc7 33. Be2 Nf6 34. Qxd6 Qf8
35. Rb3 Rd8 36. Qa3 Qe8 37. Qc1 Ne6 38. Rb1 Nc5 39. Bxc5 bxc5 40. Bf3 Rd4 41.
Nd5 Rxe1+ 42. Qxe1 Qd8 43. c7 Qc8 44. Qe7 1-0

[Event "International Championship of Central S"]
[Site "Paracin"]
[Date "2014.07.07"]
[Round "4.5"]
[White "Egorov, Evgeny"]
[Black "Kadric, Denis"]
[Result "1-0"]
[ECO "A40"]
[WhiteElo "2358"]
[BlackElo "2494"]
[Annotator "Boban,Milojevic"]
[PlyCount "101"]
[EventDate "2014.??.??"]
[TimeControl "6000+1240"]
[WhiteClock "0:07:58"]
[BlackClock "0:01:35"]

1. d4 g6 2. Nc3 Bg7 3. e4 a6 4. h4 h6 5. Be3 b5 6. Qd2 Bb7 7. f3 d6 8. a4 c6 9.
Nh3 Nd7 10. Nf2 h5 11. Be2 Ngf6 12. O-O O-O 13. axb5 axb5 14. Rxa8 Qxa8 15. g4
hxg4 16. fxg4 b4 17. Ncd1 c5 18. d5 Ne5 19. Bh6 Ba6 20. Bf4 Nexg4 21. Nxg4 Nxe4
22. Qe1 Bxe2 23. Qxe2 Qxd5 24. Qg2 Qa8 25. h5 Nf6 26. Nxf6+ Bxf6 27. hxg6 Qxg2+
28. Kxg2 fxg6 29. b3 Bd4 30. Bg5 Ra8 31. Bxe7 Ra2 32. Bxd6 Rxc2+ 33. Kf3 c4 34.
Ke4 cxb3 35. Kxd4 b2 36. Nxb2 Rxb2 37. Kc4 b3 38. Ba3 Rh2 39. Kxb3 Kh7 40. Bc1
g5 41. Bxg5 Kg6 42. Bc1 Kh5 43. Kc4 Kg4 44. Kd4 Re2 45. Be3 Kh3 46. Ke4 Kg2 47.
Rf7 Ra2 48. Rg7+ Kh1 49. Kf3 Rb2 50. Ra7 Ra2 51. Rd7 1-0

[Event "International Championship of Central S"]
[Site "Paracin"]
[Date "2014.07.07"]
[Round "4.6"]
[White "Nakhbayeva, Guliskhan"]
[Black "Tomic, Bosko"]
[Result "0-1"]
[ECO "A49"]
[WhiteElo "2300"]
[BlackElo "2450"]
[Annotator "Boban,Milojevic"]
[PlyCount "146"]
[EventDate "2014.??.??"]
[TimeControl "6000+2085"]
[WhiteClock "0:02:10"]
[BlackClock "0:03:14"]

1. d4 Nf6 2. Nf3 g6 3. g3 Bg7 4. Bg2 O-O 5. O-O d6 6. b3 e5 7. dxe5 Nfd7 8. Bg5
Qe8 9. Nc3 Na6 10. Nd5 dxe5 11. Be7 c6 12. Bxf8 Qxf8 13. Ne3 e4 14. Nd4 Qb4 15.
c4 Qc3 16. Ndc2 f5 17. Qd6 Be5 18. Qe7 Bf6 19. Qa3 Ndc5 20. Rab1 Be6 21. Qc1
Nc7 22. Rd1 a5 23. Qd2 Qxd2 24. Rxd2 N7a6 25. a3 Kf7 26. f3 a4 27. bxa4 exf3
28. exf3 Nc7 29. Bf1 Rxa4 30. Kg2 Bg5 31. f4 Bf6 32. Rdd1 Ra7 33. Bd3 Na4 34.
Rf1 Nc5 35. Rbd1 Nxd3 36. Rxd3 Na6 37. Rdd1 Nc5 38. h3 Ra4 39. g4 Ne4 40. gxf5
gxf5 41. Rb1 Ra7 42. Rfe1 Nc3 43. Rbc1 Ra8 44. Kf3 Rd8 45. Rg1 Rd3 46. Ne1 Rd8
47. Rc2 Ra8 48. Rb2 Ra7 49. Nd3 Ne4 50. Ne5+ Ke7 51. h4 Nc5 52. Ra2 Ra6 53. Rb1
Ra8 54. a4 Kd6 55. a5 Kc7 56. h5 Ne4 57. Rg1 Nc5 58. h6 Rd8 59. Rd1 Rg8 60. Rh1
Rd8 61. Rh5 Nd3 62. Nxf5 Bxe5 63. fxe5 Nxe5+ 64. Kf4 Ng6+ 65. Ke3 Bxc4 66. Rd2
Re8+ 67. Kd4 Bd5 68. Ne3 Re4+ 69. Kc5 Rxe3 70. Kb4 Nf4 71. Rg5 Ne6 72. Rgxd5
cxd5 73. Rxd5 Rh3 0-1

[Event "International Championship of Central S"]
[Site "Paracin"]
[Date "2014.07.07"]
[Round "4.7"]
[White "Chandra, Akshat"]
[Black "Selbes, Tarik"]
[Result "1/2-1/2"]
[ECO "C72"]
[WhiteElo "2442"]
[BlackElo "2241"]
[Annotator "Boban,Milojevic"]
[PlyCount "124"]
[EventDate "2014.??.??"]
[TimeControl "6000+795"]
[WhiteClock "0:01:15"]
[BlackClock "0:23:36"]

1. e4 e5 2. Nf3 Nc6 3. Bb5 a6 4. Ba4 d6 5. O-O Bd7 6. c3 Nf6 7. Re1 g6 8. d4 b5
9. Bb3 Bg7 10. Nbd2 O-O 11. a3 h6 12. Ba2 Nh5 13. Nf1 exd4 14. cxd4 Bg4 15. Bd5
Nxd4 16. Bxa8 Qxa8 17. Be3 Bxf3 18. gxf3 Ne6 19. Qd2 Qd8 20. Ng3 Qh4 21. Nxh5
Qxh5 22. Kg2 Kh7 23. Re2 Be5 24. h3 f5 25. Qd5 fxe4 26. Qxe4 Rf4 27. Qc6 Ng5
28. Rh1 Rf7 29. Bxg5 Qxg5+ 30. Kf1 Qf5 31. Kg2 Qg5+ 32. Kf1 Qf6 33. Re3 Bd4 34.
Rd3 Qh4 35. Rd2 Re7 36. Qd5 Bb6 37. Re2 Kh8 38. Qa8+ Kg7 39. Rxe7+ Qxe7 40. Qe4
Qf6 41. Rg1 g5 42. Qe2 Bd4 43. h4 Be5 44. hxg5 hxg5 45. b3 Qf5 46. Kg2 c5 47.
a4 bxa4 48. bxa4 a5 49. Qb5 Kf6 50. Qxa5 g4 51. Qa8 Ke7 52. Qb7+ Kd8 53. Qb8+
Kd7 54. Qb7+ Kd8 55. Re1 Qh5 56. f4 Qh3+ 57. Kg1 g3 58. Qb8+ Kd7 59. Qb7+ Kd8
60. Qb8+ Kd7 61. Qb7+ Kd8 62. Qa8+ Kd7 1/2-1/2

[Event "International Championship of Central S"]
[Site "Paracin"]
[Date "2014.07.07"]
[Round "4.1"]
[White "Markus, Robert"]
[Black "Ardeleanu, Alin"]
[Result "1-0"]
[ECO "E62"]
[WhiteElo "2607"]
[BlackElo "2338"]
[Annotator "Boban,Milojevic"]
[PlyCount "51"]
[EventDate "2014.??.??"]
[TimeControl "6000+590"]
[WhiteClock "0:34:33"]
[BlackClock "0:33:26"]

1. d4 Nf6 2. c4 g6 3. Nf3 Bg7 4. g3 O-O 5. Bg2 d6 6. O-O Nc6 7. Nc3 Bg4 8. d5
Na5 9. b3 c5 10. Bd2 a6 11. a4 e6 12. dxe6 Bxe6 13. Ne1 Nc6 14. Nd3 Rb8 15. Rc1
Nd4 16. Nf4 Bd7 17. e3 Ne6 18. Nfd5 Nxd5 19. Nxd5 Nc7 20. Ba5 b6 21. Bxb6 Rxb6
22. Nxb6 Be6 23. Qd2 Qb8 24. Qxd6 Rd8 25. Qxc5 Bf8 26. Qa5 1-0

[Event "International Championship of Central S"]
[Site "Paracin"]
[Date "2014.07.07"]
[Round "4.2"]
[White "Vucinic, Gojko"]
[Black "Blagojevic, Dragisa"]
[Result "1/2-1/2"]
[ECO "C54"]
[WhiteElo "2313"]
[BlackElo "2505"]
[Annotator "Boban,Milojevic"]
[PlyCount "51"]
[EventDate "2014.??.??"]
[TimeControl "6000+1380"]
[WhiteClock "0:15:30"]
[BlackClock "0:18:51"]

1. e4 e5 2. Nf3 Nc6 3. Bc4 Bc5 4. c3 Nf6 5. d4 exd4 6. cxd4 Bb4+ 7. Bd2 Bxd2+
8. Nbxd2 d5 9. exd5 Nxd5 10. O-O O-O 11. Rc1 Nb6 12. Bb3 a5 13. a4 Nb4 14. Ne4
N6d5 15. Ne5 Bf5 16. Nc5 b6 17. Qf3 Bc8 18. Nc6 Nxc6 19. Qxd5 bxc5 20. Qxc6 Rb8
21. Bc4 cxd4 22. Bb5 Bb7 23. Qxc7 Qg5 24. Qg3 Qd2 25. b3 Bd5 26. Rcd1 1/2-1/2

[Event "International Championship of Central S"]
[Site "Paracin"]
[Date "2014.07.07"]
[Round "4.3"]
[White "Vojinovic, Goran"]
[Black "Pantelic, Sasa"]
[Result "1-0"]
[ECO "E71"]
[WhiteElo "2460"]
[BlackElo "2312"]
[Annotator "Boban,Milojevic"]
[PlyCount "90"]
[EventDate "2014.??.??"]
[TimeControl "6000+460"]
[WhiteClock "0:53:17"]
[BlackClock "0:28:06"]

1. d4 Nf6 2. c4 g6 3. Nc3 Bg7 4. e4 d6 5. h3 O-O 6. Nf3 e5 7. d5 a5 8. Be3 Na6
9. Nd2 Nh5 10. g3 Bd7 11. Be2 f5 12. exf5 gxf5 13. Bxh5 f4 14. Nde4 fxe3 15.
fxe3 Bh6 16. Qe2 Nc5 17. Nxc5 dxc5 18. Bg4 Bxg4 19. Qxg4+ Kh8 20. Ke2 Qd6 21.
Qe6 Qxe6 22. dxe6 Rae8 23. Ne4 Rxe6 24. Rad1 Rb6 25. b3 a4 26. Nxc5 Rbf6 27.
Rhf1 Rxf1 28. Rxf1 Rxf1 29. Kxf1 axb3 30. axb3 Bxe3 31. Nxb7 Kg7 32. Ke2 Bd4
33. Kf3 Kf6 34. Na5 Kf5 35. g4+ Kg5 36. Nc6 Bb2 37. Kg3 Bc3 38. b4 Be1+ 39. Kf3
Kh4 40. b5 Kxh3 41. Nxe5 Kh4 42. Nd3 Bd2 43. Nf4 Bc3 44. Ne6 Be5 45. Ke4 Bd6
1-0

[Event "International Championship of Central S"]
[Site "Paracin"]
[Date "2014.07.07"]
[Round "4.4"]
[White "Abramovic, Bosko"]
[Black "Doric, Nenad"]
[Result "1-0"]
[ECO "A06"]
[WhiteElo "2443"]
[BlackElo "2316"]
[Annotator "Boban,Milojevic"]
[PlyCount "95"]
[EventDate "2014.??.??"]
[TimeControl "6000+105"]
[WhiteClock "1:29:23"]
[BlackClock "1:31:01"]

1. Nf3 d5 2. g3 c6 3. Bg2 Bg4 4. d3 Nd7 5. Nbd2 e6 6. b3 Bc5 7. Bb2 Ngf6 8. O-O
O-O 9. e4 dxe4 10. dxe4 e5 11. Qe2 Qe7 12. a3 a5 13. h3 Bh5 14. Nc4 b5 15. Ne3
Bxe3 16. Qxe3 Rfe8 17. Rad1 Bg6 18. Nh4 Qc5 19. Qxc5 Nxc5 20. f3 a4 21. b4 Ncd7
22. Rf2 Nb6 23. Bf1 Re6 24. Rfd2 Kf8 25. Ng2 Ne8 26. Ne3 f6 27. c4 Nxc4 28.
Nxc4 bxc4 29. Bxc4 Re7 30. Rd8 Rxd8 31. Rxd8 Bf7 32. Be2 Bb3 33. Bc1 Rb7 34.
Rc8 Rc7 35. Rb8 Kf7 36. Be3 Nd6 37. Bc5 Nc4 38. Rf8+ Kg6 39. f4 exf4 40. gxf4
Nxa3 41. f5+ Kg5 42. Be3+ Kh4 43. Rh8 h6 44. Kh2 Bc4 45. Bf3 Bf1 46. Bf2+ Kg5
47. Kg3 Bxh3 48. Be3# 1-0

[Event "International Championship of Central S"]
[Site "Paracin"]
[Date "2014.07.07"]
[Round "4.5"]
[White "Nestorovic, Nikola"]
[Black "Jovanovic, Bojan P"]
[Result "1-0"]
[ECO "C18"]
[WhiteElo "2439"]
[BlackElo "2307"]
[Annotator "Boban,Milojevic"]
[PlyCount "43"]
[EventDate "2014.??.??"]
[TimeControl "6000+1905"]
[WhiteClock "0:46:02"]
[BlackClock "0:36:46"]

1. e4 e6 2. d4 d5 3. Nc3 Bb4 4. e5 c5 5. a3 Bxc3+ 6. bxc3 Ne7 7. Qg4 Qc7 8.
Qxg7 Rg8 9. Qxh7 cxd4 10. Ne2 dxc3 11. f4 Nbc6 12. Qd3 d4 13. Ng3 Nd5 14. Ne4
Qa5 15. Nd6+ Ke7 16. Qh7 Rf8 17. Bd3 Ndb4 18. axb4 Qxa1 19. O-O Qa2 20. Qg7 Nd8
21. f5 exf5 22. Bg5+ 1-0

[Event "International Championship of Central S"]
[Site "Paracin"]
[Date "2014.07.07"]
[Round "4.6"]
[White "Rakic, Marija"]
[Black "Zajic, Milan"]
[Result "0-1"]
[ECO "E21"]
[WhiteElo "2306"]
[BlackElo "2415"]
[Annotator "Boban,Milojevic"]
[PlyCount "116"]
[EventDate "2014.??.??"]
[TimeControl "6000+960"]
[WhiteClock "0:02:08"]
[BlackClock "0:01:33"]

1. d4 e6 2. c4 Nf6 3. Nf3 b6 4. Nc3 Bb4 5. Bg5 h6 6. Bh4 Bxc3+ 7. bxc3 Bb7 8.
e3 d6 9. Qc2 Nbd7 10. Bd3 Qe7 11. e4 g5 12. Bg3 e5 13. Nd2 Nh5 14. Be2 Nf4 15.
Bxf4 gxf4 16. Bg4 Rg8 17. Bh3 O-O-O 18. O-O-O Kb8 19. g3 Qf6 20. Nb3 exd4 21.
cxd4 c5 22. Bxd7 Rxd7 23. dxc5 bxc5 24. Rhe1 fxg3 25. hxg3 Re8 26. f4 Rde7 27.
e5 dxe5 28. Nxc5 Ka8 29. Nd7 Qa6 30. Rxe5 Rxe5 31. Nxe5 Rc8 32. Rd4 Qa3+ 33.
Qb2 Qxg3 34. Qd2 f6 35. Nf7 Qg1+ 36. Qd1 Qe3+ 37. Qd2 Qa3+ 38. Qb2 Qe7 39. Nd6
Rd8 40. Qd2 Bc6 41. Nb5 Rg8 42. Qc3 h5 43. Rd1 h4 44. Qa5 Bxb5 45. Qxb5 Qe3+
46. Kc2 Qe4+ 47. Kc3 h3 48. Qd5+ Qxd5 49. cxd5 Kb7 50. Kd4 h2 51. Rh1 Rh8 52.
Ke4 Rh5 53. Kd4 Kc7 54. Kc5 Kd7 55. a4 Rh4 56. a5 Rh5 57. f5 Rh4 58. Kb5 Ke8
0-1

[Event "International Championship of Central S"]
[Site "Paracin"]
[Date "2014.07.07"]
[Round "4.7"]
[White "Tosic, Srecko"]
[Black "Svicevic, Rastko"]
[Result "1/2-1/2"]
[ECO "B34"]
[WhiteElo "2399"]
[BlackElo "2300"]
[Annotator "Boban,Milojevic"]
[PlyCount "117"]
[EventDate "2014.??.??"]
[TimeControl "6000+460"]
[WhiteClock "0:32:45"]
[BlackClock "0:52:22"]

1. e4 c5 2. Nf3 g6 3. d4 cxd4 4. Nxd4 Nc6 5. Nc3 Bg7 6. Nf3 Nf6 7. Bc4 O-O 8.
O-O a6 9. Re1 b5 10. Bf1 Ng4 11. Nd5 e6 12. Nf4 Qb6 13. Nd3 d5 14. exd5 exd5
15. h3 Nf6 16. c3 d4 17. Nxd4 Nxd4 18. Be3 Nd5 19. Bxd4 Bxd4 20. cxd4 Qxd4 21.
Ne5 Qxd1 22. Rexd1 Be6 23. a4 bxa4 24. Rxa4 Rfb8 25. Nc6 Rb6 26. Nd4 Rxb2 27.
Rxa6 Rxa6 28. Bxa6 Rb6 29. Nxe6 fxe6 30. Bc4 Rd6 31. Ra1 Rd7 32. Ra6 Kf7 33. g3
Kf6 34. Kg2 Ke5 35. Be2 g5 36. Bg4 Re7 37. Kf3 Nf6 38. Ra5+ Nd5 39. Ra8 Nf6 40.
Ra5+ Nd5 41. Ke2 Rf7 42. Ra6 Re7 43. Ra8 Nf6 44. Bf3 Rc7 45. Rf8 h5 46. Ra8 g4
47. Ra5+ Kd4 48. Ra4+ Rc4 49. Rxc4+ Kxc4 50. hxg4 hxg4 51. Bb7 Kd4 52. Bc8 Ke5
53. Kd3 Ne4 54. Ke3 Nf6 55. Ba6 Nd5+ 56. Kd2 Kd4 57. Be2 Nf6 58. Bd1 Ne4+ 59.
Ke1 1/2-1/2

[Event "International Championship of Central S"]
[Site "Paracin"]
[Date "2014.07.07"]
[Round "4.8"]
[White "Miedema, David"]
[Black "Ketzetzis, Georgios"]
[Result "1/2-1/2"]
[ECO "D45"]
[WhiteElo "2362"]
[BlackElo "2225"]
[Annotator "Boban,Milojevic"]
[PlyCount "99"]
[EventDate "2014.??.??"]
[TimeControl "6000+1835"]
[WhiteClock "0:28:44"]
[BlackClock "0:05:04"]

1. d4 d5 2. c4 c6 3. Nc3 Nf6 4. e3 e6 5. Nf3 Nbd7 6. Qc2 Bd6 7. Bd2 O-O 8.
O-O-O Qe7 9. Kb1 b5 10. cxb5 c5 11. e4 dxe4 12. Nxe4 cxd4 13. Nxd4 Nxe4 14.
Qxe4 Nc5 15. Qxa8 Bb7 16. Qxf8+ Kxf8 17. f3 Qf6 18. Bb4 Bd5 19. Nc2 Kg8 20. Bc3
Qg6 21. b3 h5 22. Kb2 Qg5 23. h4 Qf4 24. Be2 Be5 25. Rhe1 Bxc3+ 26. Kxc3 Qxh4
27. Bc4 Na4+ 28. Kb4 Nb6 29. Rd4 Qh2 30. Re2 h4 31. Ne3 Qd6+ 32. Kc3 Qe5 33.
Kd3 h3 34. Nxd5 Qf5+ 35. Kd2 Nxd5 36. gxh3 Qf6 37. Ree4 Qxf3 38. Bxd5 exd5 39.
Re8+ Kh7 40. Rd3 Qf4+ 41. Kc3 Qc7+ 42. Kb2 Qh2+ 43. Ka3 Qd6+ 44. b4 a5 45. Rd4
Qg3+ 46. Kb2 Qf2+ 47. Kc3 Qxa2 48. Rh4+ Kg6 49. Rg4+ Kf5 50. bxa5 {Ke5} 1/2-1/2